 Dungeon Crawl Stone Soup version 0.31.0-11-ge490571c62 (webtiles) character file.

Game seed: 2585751163971657147

240 qw the Skirmisher (level 5, -3/29 HPs)
             Began as a Deep Elf Hunter on Feb 3, 2024.
             Slain by a necrophage (6 damage)
             ... in a sewer.
             The game lasted 00:00:50 (1786 turns).

qw the Skirmisher (Deep Elf Hunter)                 Turns: 1786, Time: 00:00:50

Health: -3/29      AC:  7    Str: 10    XL:     5   Next: 79%
Magic:  7/7        EV: 11    Int: 14    God:
Gold:   79         SH:  0    Dex: 18    Spells: 4/4 levels left

rFire   . . .        a - +0 shortbow (heavy)
rCold   . . .        (shield currently unavailable)
rNeg    . . .        h - +0 ring mail
rPois   +            (no helmet)
rElec   .            (no cloak)
rCorr   .            d - +1 pair of gloves
SInv    .            (no boots)
Will    +....        f - amulet of faith
Stlth   +            g - ring of poison resistance
HPRegen 0.24/turn    j - ring of willpower
MPRegen 0.10/turn

%: faith
@: no status effects
A: no striking features
a: no special abilities


You were in a sewer.
You visited 1 branch of the dungeon, and saw 3 of its levels.
You also visited: Sewer.

You collected 79 gold pieces.


   Skills:
 + Level 1.6 Fighting
 - Level 9.4 Ranged Weapons
 - Level 2.4 Dodging
 - Level 1.2 Stealth


You had 4 spell levels left.
You didn't know any spells.
Your spell library was empty.

Inventory:

Hand Weapons
 a - a +0 heavy shortbow (weapon)
Armour
 d - a +1 pair of gloves (worn)
 h - a +0 ring mail (worn)
Jewellery
 e - the amulet of the Sky {Acrobat rElec Int+3}
   (You found it on level 2 of the Dungeon)

   [amulet of the acrobat]

   Acrobat:   It increases your evasion while moving and waiting.
   Int+3:     It affects your intelligence (+3).
   rElec:     It insulates you from electricity.
 f - an amulet of faith (around neck)
 g - a ring of poison resistance (left hand)
 j - a ring of willpower (right hand)
Potions
 b - 2 potions of curing
 i - a potion of mutation
 k - a potion of brilliance {unknown}
 m - a potion of heal wounds {unknown}
 o - a potion of enlightenment {unknown}

Dungeon Overview and Level Annotations

Branches:
Dungeon (3/15)              Sewer (1/1)

Altars:
The Shining One


Message History

The kobold closely misses you. The kobold hits you but does no damage.
You shoot an arrow. The arrow barely misses the kobold.
The kobold hits you but does no damage.
You shoot an arrow. The arrow barely misses the kobold.
The kobold hits you with a +0 club. The kobold hits you but does no damage.
You shoot an arrow. The arrow hits the kobold.
You kill the kobold!
The kobold closely misses you. The kobold hits you with a +0 club.
1779 ||| READING scroll of teleportation.
As you read the scroll of teleportation, it crumbles to dust.
You feel strangely unstable.
You shoot an arrow. The arrow closely misses the kobold.
The kobold hits you with a +0 club.
You shoot an arrow.
The arrow closely misses the adder zombie.
The adder zombie barely misses you. The kobold closely misses you.
You shoot an arrow. The arrow hits the kobold!!
You kill the kobold!
Your surroundings suddenly seem different.
A necrophage, a ball python and a kobold come into view.
Found four items.
Found a gate leading back out of this place.
The kobold shouts!
The ball python hisses angrily.
The kobold hits you but does no damage. x2
The ball python bites you but does no damage.
The ball python grabs you. The ball python constricts you.
You shoot an arrow. The arrow hits the ball python!
You kill the ball python!
The kobold hits you but does no damage. x2
You shoot an arrow.
The arrow closely misses the necrophage.
The necrophage completely misses you. The kobold barely misses you.
You shoot an arrow. The arrow hits the necrophage!
The necrophage is moderately damaged.
The necrophage misses you. The kobold barely misses you.
The necrophage hits you. The kobold hits you but does no damage.
You shoot an arrow.
The arrow closely misses the necrophage.
The necrophage hits you.
You die...

#\
##!##
##!!?##
#~...~#
#~...~#
#~...~#
#~.%n~#
#~.K@~#
#~...~#
##+++##
#..}.
+....
+.}._
+....
...}


You could see a necrophage and a kobold.

Vanquished Creatures
  A kobold brigand (Sewer)
  3 gnolls (D:2)
  2 adders
  A shadow imp (Sewer)
  An adder zombie (Sewer)
  A dart slug (D:1)
  6 bats
  A bat zombie (Sewer)
  13 endoplasms
  6 giant cockroaches
  5 goblins
  5 hobgoblins
  11 jackals
  5 quokkas
  9 ball pythons
  3 frilled lizards
  19 kobolds
  8 rats
100 creatures vanquished.

Notes
Turn   | Place    | Note
-------+----------+-------------------------------------------
     0 | D:1      | qw the Deep Elf Hunter began the quest for the Orb.
     0 | D:1      | Reached XP level 1. HP: 12/12 MP: 3/3
     0 | D:1      | 0 ||| qw: Version: 0.3-a-155-g5e7d8dd
     0 | D:1      | 0 ||| qw: Game counter: 3433
     0 | D:1      | 0 ||| qw: Melee chars always use a shield: true
     0 | D:1      | 0 ||| qw: God list: Okawaru
     0 | D:1      | 0 ||| qw: Allow faded altars: false
     0 | D:1      | 0 ||| qw: Do Orc after clearing Dungeon:15 true
     0 | D:1      | 0 ||| qw: Do second Lair branch before Depths: true
     0 | D:1      | 0 ||| qw: Lair rune preference: random
     0 | D:1      | 0 ||| qw: Goals: Normal
     0 | D:1      | 0 ||| PLANNING D:1-11
    42 | D:1      | Reached XP level 2. HP: 16/16 MP: 4/4
    58 | D:1      | Reached skill level 6 in Ranged Weapons
   132 | D:1      | Reached XP level 3. HP: 20/20 MP: 5/5
   324 | D:1      | 324 ||| UPGRADING to +1 pair of gloves.
   329 | D:1      | 329 ||| UPGRADING to amulet of faith.
   334 | D:1      | 334 ||| READING 4 scrolls labelled SOASIS YLASIZO.
   334 | D:1      | 334 ||| IDENTIFYING amethyst potion
   335 | D:1      | 335 ||| READING 3 scrolls of identify.
   335 | D:1      | 335 ||| IDENTIFYING viscous pink potion
   336 | D:1      | 336 ||| READING 2 scrolls of identify.
   336 | D:1      | 336 ||| IDENTIFYING purple potion
   337 | D:1      | 337 ||| READING scroll of identify.
   337 | D:1      | 337 ||| IDENTIFYING scroll labelled ONTAOR BOLUBOIPRE
   338 | D:1      | 338 ||| READING scroll labelled WYDACIJ GIRUT.
   341 | D:1      | 341 ||| DROPPING scroll of butterflies.
   342 | D:1      | 342 ||| DROPPING potion of ambrosia.
   343 | D:1      | 343 ||| DROPPING potion of attraction.
   344 | D:1      | 344 ||| DROPPING scroll of amnesia.
   369 | D:2      | Reached skill level 7 in Ranged Weapons
   423 | D:2      | Identified the amulet of the Sky {Acrobat rElec Int+3}
   461 | D:2      | 461 ||| RETREEEEATING.
   469 | D:2      | Reached XP level 4. HP: 14/25 MP: 6/6
   470 | D:2      | 470 ||| FLEEEEING.
   605 | D:2      | Reached skill level 8 in Ranged Weapons
  1283 | D:2      | 1283 ||| UPGRADING to +0 ring mail.
  1293 | D:2      | 1293 ||| DROPPING +0 leather armour.
  1294 | D:2      | 1294 ||| UPGRADING to ring of poison resistance.
  1295 | D:2      | 1295 ||| READING scroll of identify.
  1295 | D:2      | 1295 ||| IDENTIFYING coppery potion
  1296 | D:2      | 1296 ||| READING scroll labelled TON DUULIUTHA.
  1296 | D:2      | 1296 ||| BRANDING +0 shortbow.
  1297 | D:2      | 1297 ||| DRINKING 3 pink potions.
  1298 | D:2      | 1298 ||| DROPPING potion of magic.
  1346 | D:3      | 1346 ||| PLANNING SEWER
  1349 | D:3      | 1349 ||| STAIRDANCE
  1466 | D:3      | Found a faded altar of an unknown god.
  1480 | D:3      | Reached XP level 5. HP: 29/29 MP: 7/7
  1515 | D:3      | Found a glowing golden altar of the Shining One.
  1666 | D:3      | Found a glowing drain.
  1667 | D:3      | 1667 ||| UPGRADING to ring of willpower.
  1668 | D:3      | 1668 ||| READING scroll labelled XIBLUQ ZOURO.
  1673 | Sewer    | Entered a sewer
  1762 | Sewer    | Found an ancient bone altar of Kikubaaqudgha.
  1775 | Sewer    | Reached skill level 9 in Ranged Weapons
  1778 | Sewer    | HP: 7/29 [kobold/+0 club (2)]
  1779 | Sewer    | 1779 ||| READING scroll of teleportation.
  1785 | Sewer    | HP: 3/29 [necrophage (6)]
  1786 | Sewer    | Slain by a necrophage

Levels and vault maps discovered:
D:1:      beargit_arrival_greenhouse, layout_rooms
D:2:      wad_river_or_something, layout_basic, minmay_tripent
D:3:      corexii_shack_village, layout_rooms, nicolae_tso_carved_into_rock,
          mainiacjoe_sewer_entry_somewhere_in_here_2, basic_ecumenical_altar,
          due_unseen_surprise
Sewer:    kennysheep_sewer_church

Skill      XL: |  1  2  3  4  5 |
---------------+----------------+-----
Ranged Weapons | 6 7 8 9 |  9.4
Fighting       | |  1.6
Dodging        | |  2.4
Stealth        | |  1.2

Action                     |  1- 3 |  4- 6 || total
---------------------------+-------+-------++-------
   Fire: Shortbow          |   102 |   152 ||   254
    Use: Scroll            |     5 |     4 ||     9
         Potion            |       |     1 ||     1
 Armour: Leather armour    |     7 |    12 ||    19
         Ring mail         |       |    53 ||    53
  Dodge: Dodged            |    28 |    63 ||    91

Table legend:
 A = Non-vault XP
 B = Vault XP
 C = Vault XP percentage of total XP
 D = Non-vault monster count
 E = Vault monster count
 F = Vault count percentage of total count
                 A         B        C        D         E       F
            +---------+---------+-------+---------+---------+-------
      Total |     166 |     177 |  51.6 |      65 |      35 |  35.0
            +---------+---------+-------+---------+---------+-------
        D:1 |      62 |       0 |   0.0 |      32 |       0 |   0.0
        D:2 |      76 |      30 |  28.3 |      23 |      11 |  32.4
        D:3 |      28 |       8 |  22.2 |      10 |       7 |  41.2
      Sewer |       0 |     139 | 100.0 |       0 |      17 | 100.0
            +---------+---------+-------+---------+---------+-------
